 Dungeon Crawl Stone Soup version 0.28-a0-834-g1a73be5ee4 (webtiles) character file.

Game seed: 3727136069922288511

1222 Zenkrye the Cleaver (level 8, 0/61 (62) HPs)
             Began as a Palentonga Fighter on Nov 11, 2021.
             Slain by a gnoll (10 damage)
             ... on level 6 of the Dungeon.
             The game lasted 00:13:40 (7302 turns).

Zenkrye the Cleaver (Palentonga Fighter)            Turns: 7302, Time: 00:13:40

HP:   0/61 (62)     AC: 13    Str: 24    XL:     8   Next: 23%
MP:   8/8           EV:  7    Int: 11    God:
Gold: 251           SH:  6    Dex: 13    Spells: 7/7 levels left

rFire   . . .      SeeInvis +   a - +1 war axe
rCold   . . .      Faith    +   c - +1 buckler
rNeg    . . .      Spirit   .   b - +0 scale mail
rPois   .          Reflect  .   (no helmet)
rElec   .          Harm     .   (no cloak)
rCorr   .          Rampage  .   (no gloves)
Will    .....                   (no barding)
Stlth   ..........              h - amulet of faith
HPRegen 0.20/turn               g - ring "Fifekh" {Fly Str+3 Int+3 Dex+2}
MPRegen 0.11/turn               (no ring)

@: about to teleport, flying, lightly drained, curled up
A: large, rugged brown scales 3, see invisible, deformed body, roll 1, armoured
tail, reflexive curl
a: Rolling Charge


You were on level 6 of the Dungeon.
You visited 2 branches of the dungeon, and saw 7 of its levels.

You collected 251 gold pieces.

Inventory:

Hand Weapons
 a - a +1 war axe (weapon)
 y - a +2 hand axe of freezing
Missiles
 e - 7 boomerangs
 f - a boomerang of dispersal (quivered)
 i - a javelin
Armour
 b - a +0 scale mail (worn)
 c - a +1 buckler (worn)
 l - a +0 plate armour
Jewellery
 g - the ring "Fifekh" (left hand) {Fly Str+3 Int+3 Dex+2}
   (You acquired it on level 2 of the Dungeon)

   [ring of flight]

   Str:       It affects your strength (+3).
   Int:       It affects your intelligence (+3).
   Dex:       It affects your dexterity (+2).
   Fly:       It grants you flight.
 h - an amulet of faith (around neck)
 u - an amulet of magic regeneration
Wands
 o - a wand of acid (6) {@v2}
 p - a wand of iceblast (7) {@v4}
 q - a wand of flame (12)
Scrolls
 r - a scroll of enchant armour
 w - a scroll of magic mapping
 x - a scroll of fog
Potions
 d - 3 potions of might {@q4}
 j - a potion of invisibility
 k - a potion of resistance {@q6}
 m - a potion of curing {@q1}
 n - a potion of heal wounds {unknown}
 s - a potion of degeneration {unknown}
 v - a potion of haste {unknown}
 z - a potion of brilliance {unknown}
 A - a potion of flight {unknown}
 B - a potion of berserk rage {unknown}


   Skills:
 - Level 3.0 Fighting
 + Level 8.3 Axes
 + Level 0.1 Throwing
 - Level 2.4 Armour
 + Level 4.4 Shields
 - Level 3.0 Evocations


You had 7 spell levels left.
You didn't know any spells.
Your spell library contained the following spells:

 Spells                   Type           Power      Damage    Failure   Level
 Conjure Flame            Conj/Fire      0%         6-21      95%         3
 Ignite Poison            Fire/Tmut/Pois 0%         N/A       95%         3
 Sticky Flame             Conj/Fire      0%         2d3       100%        4


Dungeon Overview and Level Annotations

Branches:
Dungeon (6/15)             Temple (1/1) D:4

Altars:
Ashenzari
Cheibriados
Dithmenos
Gozag
Hepliaklqana
Makhleb
Nemelex Xobeh
Okawaru
Qazlal
Ru
Sif Muna
Vehumet
Xom
Yredelemnul
Zin
The Shining One

Shops:
D:5 [

Annotations:
D:6 Pikel


Innate Abilities, Weirdness & Mutations

You are completely covered in rugged brown scales. (AC +3, +7% HP)
You have supernaturally acute eyesight. (SInv)
Armour fits poorly on your strangely shaped body.
You can roll at nearby foes to attack.
You have a long armoured tail.
You curl defensively after being hit. (AC +7*)


Message History

The gnoll shouts!
You hit the adder.
The adder is lightly wounded.
You block the adder's attack. The adder bites you but does no damage.
The adder bites you.
A sky beast comes into view.
You block the adder's attack.
You hit the adder.
Your tail-slap misses the adder.
The adder is moderately wounded.
You hit the wight. The adder closely misses you.
The gnoll hits you from afar with a +0 halberd.
The wight hits you with a +2 long sword.
You block the adder's attack.
You slash the adder!
You kill the adder!
You hit the wight but do no damage.
The gnoll hits you from afar with a +0 halberd!
The wight barely misses you.
You hit the wight but do no damage.
The wight is lightly damaged.
The gnoll hits you from afar with a +0 halberd.
The wight hits you but does no damage.
The gnoll hits you from afar with a +0 halberd.
You slash the wight!
The wight is almost destroyed.
The wight hits you with a +2 long sword!
The gnoll hits you from afar with a +0 halberd!
As you read the scroll of teleportation {@r3}, it crumbles to dust.
You feel strangely unstable.
The wight hits you with a +2 long sword.
* * * LOW HITPOINT WARNING * * *
The gnoll hits you from afar with a +0 halberd!
* * * LOW HITPOINT WARNING * * *
You feel better.
The wight hits you with a +2 long sword.
* * * LOW HITPOINT WARNING * * *
You feel drained.
* * * LOW HITPOINT WARNING * * *
The gnoll hits you from afar with a +0 halberd!
You die...

#.....##))....
#......)......
#.....###.##..
#...#..##....#
#..###....#..#
###.##(##.###..#
##O.(.O.#.......#
##zg#.##.##.#.....
#@†####...####....
#Y## ...?... #..#
#..####...### ..#
##..# ##.## ##
#... #.# ##.##(#
..### ..# ..


You could see a sky beast, an ogre, a wight and a gnoll.

Vanquished Creatures
  A hornet zombie (D:5)
  A sky beast (D:5)
  A necrophage (D:5)
  An ogre (D:5)
  A phantom (D:5)
  A scorpion (D:4)
  A water moccasin skeleton (D:5)
  2 wyvern skeletons (D:6)
  A howler monkey (D:4)
  A hound (D:4)
  An orc priest (D:5)
  A centaur skeleton (D:4)
  4 iguanas
  An orc wizard (D:5)
  Natasha (thrice) (D:3)
  3 gnolls (D:6)
  A howler monkey skeleton (D:5)
  A howler monkey zombie (D:6)
  7 adders
  A river rat (D:5)
  2 white imps (D:5)
  An adder skeleton (D:4)
  A worm (D:2)
  3 dart slugs
  11 orcs
  6 ball pythons
  5 endoplasms
  7 giant cockroaches
  10 goblins
  5 hobgoblins
  15 jackals
  8 kobolds
  A quokka (D:5)
  5 bats
  2 frilled lizards (D:1)
  5 rats
121 creatures vanquished.

Notes
Turn   | Place    | Note
-------+----------+-------------------------------------------
     0 | D:1      | Zenkrye the Palentonga Fighter began the quest for the Orb.
     0 | D:1      | Reached XP level 1. HP: 19/19 MP: 1/1
     1 | D:1      | Found a runed translucent door.
   489 | D:1      | Reached XP level 2. HP: 24/25 MP: 2/2
   544 | D:1      | Reached skill level 3 in Axes
  1161 | D:2      | Reached XP level 3. HP: 28/31 MP: 3/3
  1280 | D:2      | Reached skill level 4 in Axes
  1667 | D:2      | Reached XP level 4. HP: 27/37 MP: 4/4
  2252 | D:2      | Identified a scroll of acquirement
  2252 | D:2      | Acquired the ring "Fifekh" {Fly Str+3 Int+3 Dex+2}
  2339 | D:3      | Noticed Natasha
  2345 | D:3      | Killed Natasha
  2346 | D:3      | Reached skill level 5 in Axes
  2446 | D:3      | Reached XP level 5. HP: 40/43 MP: 5/5
  2586 | D:3      | Noticed Natasha
  2593 | D:3      | Killed Natasha
  2668 | D:3      | Found a faded altar of an unknown god.
  2668 | D:3      | Noticed Natasha
  2679 | D:3      | Killed Natasha
  3377 | D:4      | Reached skill level 6 in Axes
  3616 | D:4      | Reached XP level 6. HP: 31/50 MP: 6/6
  3818 | D:4      | Found a staircase to the Ecumenical Temple.
  3827 | Temple   | Entered the Ecumenical Temple
  4640 | D:5      | Entered Level 5 of the Dungeon
  4719 | D:5      | Found an iron altar of Okawaru.
  4730 | D:5      | Reached skill level 7 in Axes
  4848 | D:5      | Reached skill level 1 in Evocations
  4874 | D:5      | Gained mutation: You curl defensively after being hit. (AC
                  | +7*) [Palentonga growth]
  4874 | D:5      | Reached XP level 7. HP: 45/55 MP: 7/7
  5307 | D:5      | Found Onolut's Armour Emporium.
  5713 | D:5      | Found a sacrificial altar of Ru.
  5717 | D:5      | Found a hazy altar of Hepliaklqana.
  5718 | D:5      | Found a sparkling altar of Nemelex Xobeh.
  5719 | D:5      | Found a shimmering blue altar of Sif Muna.
  5721 | D:5      | Found a shadowy altar of Dithmenos.
  6098 | D:5      | Reached XP level 8. HP: 62/62 MP: 8/8
  6157 | D:5      | Reached skill level 8 in Axes
  6890 | D:6      | Found a basalt altar of Yredelemnul.
  7121 | D:6      | Noticed Pikel
  7302 | D:6      | Slain by a gnoll

Illustrated notes

Levels and vault maps discovered:
D:1:      dpeg_arrival_caged_fury, layout_basic
D:2:      layout_basic
D:3:      layout_loops_cross, shapermc_ecumenical_altar_venn, uniq_natasha
D:4:      layout_basic, temple_fountains
D:5:      layout_loops_corners, minitemple, lemuel_doored_altar, serial_shops,
          nicolae_shop_competitors_out_of_business, gup_sewer_entry_bowl,
          minmay_misc_feat_nine_boxes, minmay_misc_feat_rugged
D:6:      layout_basic, kennysheep_ying_yang, minmay_fractal_squares_gapless_5,
          uniq_pikel
Temple:   jpeg_temple_island

Skill      XL: |  1  2  3  4  5  6  7  8 |
---------------+-------------------------+-----
Axes           | 3 4 5 6 7 8 |  8.3
Evocations     | 1 3 |  3.0
Shields        | 3 4 |  4.4
Fighting       | |  3.0
Throwing       | |  0.1
Armour         | |  2.4

Action                   |  1- 3 |  4- 6 |  7- 9 || total
-------------------------+-------+-------+-------++-------
Melee: War axe           |   109 |   138 |   110 ||   357
       Tailslap          |    12 |    21 |    18 ||    51
Throw: Boomerang         |     3 |    48 |    14 ||    65
       Javelin           |       |       |     5 ||     5
 Abil: Rolling Charge    |     2 |     1 |     4 ||     7
  Use: Scroll            |     2 |     9 |     5 ||    16
       Potion            |       |       |     1 ||     1
Armor: Scale mail        |    66 |    54 |    37 ||   157
Dodge: Dodged            |    44 |    39 |    28 ||   111
Block: Buckler           |    24 |    29 |    20 ||    73

Table legend: (Time is in decaauts)
 A = Elapsed time spent in this place.
 B = Non-inter-level travel time spent in this place.
 C = Inter-level travel time spent in this place.
 D = Time resting spent in this place.
 E = Time spent auto-exploring this place.
 F = Levels seen in this place.
 G = Mean time per level.
                   A        B        C        D        E       F      G
               +--------+--------+--------+--------+--------+-----+--------+
         Total |   7405 |   7051 |    354 |    652 |   5365 |   7 | 1057.9 |
       Dungeon |   6896 |   6560 |    336 |    652 |   4879 |   6 | 1149.3 |
        Temple |    509 |    491 |     18 |      0 |    486 |   1 |  509.0 |
               +--------+--------+--------+--------+--------+-----+--------+

Top non-repeatable levels by time:
     D:5: 1901 daAuts
     D:1: 1215 daAuts
     D:2: 1170 daAuts
     D:3: 1037 daAuts
     D:4: 992 daAuts
     D:6: 578 daAuts
  Temple: 509 daAuts
